 Dungeon Crawl Stone Soup version 0.28.0 (webtiles) character file.

Game seed: 15888048387483007557

87 15bullets the Firebug (level 4, -1/34 HPs)
             Began as a Barachi Fire Elementalist on Feb 18, 2022.
             Slain by a gnoll (16 damage)
             ... on level 2 of the Dungeon.
             The game lasted 00:07:10 (2421 turns).

15bullets the Firebug (Barachi Fire Elementalist)   Turns: 2421, Time: 00:07:10

Health: -1/34      AC:  2    Str:  9    XL:     4   Next: 51%
Magic:  4/8        EV: 12    Int: 18    God:
Gold:   30         SH:  0    Dex: 12    Spells: 5/8 levels left

rFire   . . .      SeeInvis .   d - +4 whip (elec)
rCold   . . .      Faith    .   (no shield)
rNeg    . . .      Spirit   .   a - +0 robe
rPois   .          Reflect  .   (no helmet)
rElec   .          Harm     .   (no cloak)
rCorr   .          Rampage  .   (no gloves)
Will    .....                   (no boots)
Stlth   ++........              (no amulet)
HPRegen 0.11/turn               (no ring)
MPRegen 0.11/turn               (no ring)

@: about to teleport, unable to hop, slow
A: amphibious, slowness 1, strong legs 1, +LOS
a: Hop


You were on level 2 of the Dungeon.
You visited 1 branch of the dungeon, and saw 2 of its levels.

You collected 30 gold pieces.

Inventory:

Hand Weapons
 d - a +4 whip of electrocution (weapon)
Missiles
 e - 2 poisoned darts
Armour
 a - a +0 robe (worn)
Scrolls
 i - a scroll of identify {unknown}
 j - a scroll of fear {unknown}
 k - a scroll of holy word {unknown}
 m - a scroll of enchant weapon {unknown}
 o - a scroll of silence {unknown}
Potions
 b - a potion of lignification {unknown}
 g - 2 potions of heal wounds {unknown}
 h - 2 potions of curing {unknown}
 l - a potion of cancellation {unknown}
 n - a potion of attraction {unknown}


   Skills:
 * Level 2.6 Fighting
 - Level 2.1 Dodging
 - Level 2.0 Stealth
 + Level 2.7 Spellcasting
 * Level 2.4 Conjurations
 + Level 3.7 Fire Magic


You had 5 spell levels left.
You knew the following spells:

 Your Spells              Type           Power      Damage    Failure   Level
a - Foxfire               Conj/Fire      52%        2x1d6     4%          1
b - Scorch                Fire           32%        2d7       5%          2

Your spell library contained the following spells:

 Spells                   Type           Power      Damage    Failure   Level
 Conjure Flame            Conj/Fire      13%        6-21      14%         3
 Inner Flame              Hex/Fire       9%         N/A       24%         3
 Flame Wave               Conj/Fire      13%        2d6       43%         4
 Portal Projectile        Hex/Tloc       4%         N/A       45%         3
 Blade Hands              Tmut           1%         N/A       99%         5
 Excruciating Wounds      Necr           1%         N/A       99%         5


Dungeon Overview and Level Annotations

Branches:
Dungeon (2/15)

Altars:


Innate Abilities, Weirdness & Mutations

You are amphibious.
You cover ground slowly.
You can hop short distances.
You have an extended range of vision and can be seen from far away.


Message History

Press: ? - help, Q - select action, (/) - cycle Dir - look around, f - activate You conjure some foxfire!
The foxfire hits the gnoll.
The gnoll is severely wounded.
The foxfire hits the gnoll.
The gnoll is severely wounded.
A gnoll comes into view. It is wielding a +0 spear.
You closely miss the gnoll.
The gnoll is severely wounded.
Casting: Foxfire (safe; 4% risk of failure)
Press: ? - help, Q - select action, (/) - cycle Dir - look around, f - activate You conjure some foxfire!
The gnoll misses you. The gnoll closely misses you.
You hit the gnoll.
You kill the gnoll!
The foxfire hits the gnoll.
The gnoll is lightly wounded.
The foxfire hits the gnoll.
The gnoll is moderately wounded.
The gnoll completely misses you.
Casting: Foxfire (safe; 4% risk of failure)
Press: ? - help, Q - select action, (/) - cycle Dir - look around, f - activate You conjure some foxfire!
The gnoll hits you from afar with a +0 halberd!
Unknown command.
As you read the scroll labelled ZERUMU ARUOL, it crumbles to dust.
You hear a loud clanging noise!
It was a scroll of noise.
The foxfire hits the gnoll.
The gnoll is heavily wounded.
The foxfire hits the gnoll but does no damage.
The gnoll is heavily wounded.
The gnoll hits you from afar with a +0 halberd!
Okay, then.
Casting: Foxfire (safe; 4% risk of failure)
Press: ? - help, Q - select action, (/) - cycle Dir - look around, f - activate
Okay, then.
As you read the scroll labelled IRUSIO VEEBB, it crumbles to dust.
You feel strangely unstable.
It was a scroll of teleportation.
The gnoll hits you from afar with a +0 halberd!
You die...

..............# #.# #.#
.##.########### #.# #.#
.##.# #.#########.#
..#.#
########......g.g..#
..#.#
#..........#########
..#.# #..........#
..#.# #....§.g...#
..#.# #...§).g...#
..#.# #....@.§...#
..#.# #.....§....#
+##.# #..........#
.##.########..........#
......................#
.##.##.....###'########
..#.##.....# #.#
#.#.##.....# #.#
..#.##.....###.#


You could see 2 gnolls.

Vanquished Creatures
  A gnoll (D:2)
  2 adders (D:2)
  3 worms (D:2)
  4 orcs (D:1)
  4 ball pythons
  4 bats
  4 endoplasms
  3 goblins
  A hobgoblin (D:1)
  4 jackals (D:1)
  7 kobolds
  2 quokkas (D:1)
  2 frilled lizards (D:2)
  3 rats
44 creatures vanquished.

Vanquished Creatures (others)
  109 foxfires
109 creatures vanquished.

Grand Total: 153 creatures vanquished

Notes
Turn   | Place    | Note
-------+----------+-------------------------------------------
     0 | D:1      | 15bullets the Barachi Fire Elementalist began the quest for
                  | the Orb.
     0 | D:1      | Reached XP level 1. HP: 13/13 MP: 3/3
    71 | D:1      | Found a faded altar of an unknown god.
   203 | D:1      | Reached XP level 2. HP: 20/20 MP: 1/5
   351 | D:1      | Reached skill level 1 in Fighting
   501 | D:1      | Learned a level 2 spell: Scorch
  1258 | D:2      | Reached XP level 3. HP: 27/27 MP: 4/6
  1935 | D:2      | Reached XP level 4. HP: 34/34 MP: 3/8
  2421 | D:2      | Slain by a gnoll

Illustrated notes

Levels and vault maps discovered:
D:1:      shiori_arrival_elements, layout_loops_ring,
          shapermc_ecumenical_altar_starsandcircs
D:2:      layout_basic, minmay_tetromino_t2

Skill      XL: |  1  2  3 |
---------------+----------+-----
Stealth        | 2 |  2.0
Fighting       | 1 2 |  2.6
Conjurations   | 2 |  2.4
Dodging        | |  2.1
Spellcasting   | |  2.7
Fire Magic     | |  3.7

Action                   |  1- 3 |  4- 6 || total
-------------------------+-------+-------++-------
Melee: Whip              |    53 |     8 ||    61
       Punch             |     1 |     1 ||     2
 Cast: Foxfire           |    54 |    14 ||    68
       Scorch            |     4 |     2 ||     6
 Abil: Hop               |     6 |     1 ||     7
  Use: Scroll            |       |     2 ||     2
Armor: Robe              |    17 |     1 ||    18
Dodge: Dodged            |    50 |     7 ||    57
